 Dungeon Crawl Stone Soup version 0.17-a0-1382-gc46a074 (webtiles) character file.

7396 Volodja the Grappler (level 10, 0/87 (88) HPs)
             Began as a Troll Monk on June 15, 2015.
             Was a Priest of Elyvilon.
             Slain by a seven-headed hydra (6 damage)
             ... on level 11 of the Dungeon.
             The game lasted 00:25:57 (7142 turns).

Volodja the Grappler (Troll Monk)                   Turns: 7142, Time: 00:25:57

HP:   0/87 (88)     AC:  9    Str: 21    XL:     10   Next: 92%
MP:   15/15         EV: 10    Int:  6    God:    Elyvilon [***...]
Gold: 288           SH:  0    Dex: 15    Spells: 0 memorised, 9 levels left

rFire  . . .     SeeInvis .       - Unarmed
rCold  + . .     Clarity  .     u - +1 robe
rNeg   . . .     SustAt   .     (no shield)
rPois  +         Gourm    +     (helmet restricted)
rElec  .         Spirit   .     t - +2 cloak
rCorr  +         Warding  .     (gloves unavailable)
rMut   .         Stasis   .     (boots unavailable)
MR     .....                    N - amulet of resist corrosion
Stlth  ++........               z - ring of poison resistance
                                B - ring of protection from cold

@: hasted, very quick, not resistant to hostile enchantments, unstealthy
A: unfitting armour, claws 3, fast metabolism 3, gourmand, regeneration 2,
shaggy fur 1, tough skin 2
a: Lesser Healing, Divine Protection, Heal Other, Purification, Renounce
Religion


You were on level 11 of the Dungeon.
You worshipped Elyvilon.
Elyvilon was most pleased with you.
You were very full.

You visited 2 branches of the dungeon, and saw 11 of its levels.

You collected 288 gold pieces.

Inventory:

Hand weapons
 a - a +0 blowgun
 I - a +2 scythe of venom
Missiles
 m - 2 curare-tipped needles
 q - 7 javelins (quivered)
 E - 65 poisoned needles
Armour
 t - a +2 cloak (worn)
 u - a +1 robe (worn)
Jewellery
 s - an uncursed ring of fire {unknown}
 z - a ring of poison resistance (right claw)
 B - a ring of protection from cold (left claw)
 G - an uncursed ring of wizardry
 N - an amulet of resist corrosion (around neck)
Magical devices
 j - a wand of polymorph (14)
 C - a wand of draining (8)
 K - a wand of heal wounds (3)
 M - a wand of draining (5)
Scrolls
 c - 3 scrolls of teleportation {unknown}
 d - a scroll of immolation {unknown}
 g - 3 scrolls of remove curse
 y - a scroll of magic mapping {unknown}
 D - 3 scrolls of recharging {unknown}
 F - a scroll of silence {unknown}
 H - a scroll of noise {unknown}
 P - a scroll of fog {unknown}
Potions
 e - 2 potions of magic
 h - 3 potions of haste
 k - a potion of berserk rage {unknown}
 n - 8 potions of curing {unknown}
 r - 2 potions of brilliance
 v - 3 potions of agility
 w - a potion of cancellation
 x - a potion of heal wounds
 A - a potion of lignification
Books
 J - a book of Necromancy

   Spells                             Type                      Level
   a - Pain                           Necromancy                   1
   b - Animate Skeleton               Necromancy                   1
   c - Vampiric Draining              Necromancy                   3
   d - Regeneration                   Charms/Necromancy            3
   e - Animate Dead                   Necromancy                   4
   f - Control Undead                 Necromancy                   4
   Elyvilon disapproves of the use of such an item.
 L - a Fen Folio

   Spells                             Type                      Level
   a - Corpse Rot                     Necromancy                   2
   b - Stone Arrow                    Conjuration/Earth            3
   c - Leda's Liquefaction            Hexes/Earth                  4
   d - Summon Forest                  Summoning/Translocation      5
   e - Hydra Form                     Transmutation                6
   f - Summon Hydra                   Summoning                    7
 O - a book of the Sky

   Spells                             Type                      Level
   a - Summon Lightning Spire         Summoning/Air                4
   b - Airstrike                      Air                          4
   c - Silence                        Hexes/Air                    5
   d - Deflect Missiles               Charms/Air                   6
   e - Conjure Ball Lightning         Conjuration/Air              6
   f - Tornado                        Air                          9
Comestibles
 b - 8 bread rations
 f - 4 meat rations
 i - 10 royal jellies
 l - 7 beef jerkies
 o - 10 chunks of flesh
 p - 2 slices of pizza


   Skills:
 - Level 2.4 Fighting
 * Level 4.1 Throwing
 - Level 2.4 Dodging
 - Level 1.1 Stealth
 + Level 13.2 Unarmed Combat
 - Level 8.7 Invocations


You had 9 spell levels left.
You didn't know any spells.

Dungeon Overview and Level Annotations

Branches:
Dungeon (11/15)            Temple (1/1) D:5            Lair (0/8) D:11
    Orc: D:9-12

Altars:
Ashenzari
Dithmenos
Elyvilon
Kikubaaqudgha
Makhleb
Nemelex Xobeh
Okawaru
Ru
Sif Muna
Trog
Vehumet
Xom
Yredelemnul
The Shining One

Shops:
D:6 (

Annotations:
D:6 Dowan, Duvessa


Innate Abilities, Weirdness & Mutations

You are too large for most types of armour.
You have claws for hands.
Your metabolism is lightning-fast.
You like to eat raw meat.
You heal very quickly.
You are covered in fur (AC +1).
You have very tough skin (AC +2).


Message History

Aim: a seven-headed hydra (severely wounded)
You throw a javelin.
The javelin hits the seven-headed hydra!
The seven-headed hydra is almost dead.
The seven-headed hydra bites you! x3
The seven-headed hydra closely misses you.
The seven-headed hydra bites you.
* * * LOW HITPOINT WARNING * * *
The seven-headed hydra bites you!
* * * LOW HITPOINT WARNING * * *
The seven-headed hydra bites you but does no damage.
Found 18 gold pieces.
You see here 18 gold pieces.
Drink which item? (? for menu, Esc to quit)
You feel yourself speed up. The seven-headed hydra bites you!
* * * LOW HITPOINT WARNING * * *
The seven-headed hydra bites you.
* * * LOW HITPOINT WARNING * * *
The seven-headed hydra bites you.
You die...

.. ..# .### #.# ..#
#.# #.# #.# #.######
#.###### #......#
#....... #.####.#
#..##### #D# #.#
##..# #@#
#.###...##### #.#
#(##....##...
###.####.#..#.)##.##
..((((.....###.#
#...........#..#
.########.....##
#.##.## #.# .# #.#
.#


You could see a seven-headed hydra.

Vanquished Creatures
  Erolcha (D:8)
  Erica (D:8)
  Grinder (D:3)
  5 yaks (D:11)
  Sigmund (D:2)
  A wyvern (D:8)
  A hungry ghost (D:7)
  A deep elf fighter (D:11)
  Grum (D:8)
  2 hippogriffs (D:11)
  3 wolves
  Edmund (D:5)
  A soldier ant (D:8)
  A water moccasin (D:7)
  2 wasps
  2 ice beasts
  A spider (D:8)
  A necrophage (D:6)
  4 phantoms
  2 sky beasts
  5 ogres
  A centaur (D:5)
  2 crocodiles (D:11)
  2 big kobolds (D:7)
  Blork the orc (D:6)
  3 giant frogs
  A wyvern skeleton (D:7)
  A wight (D:11)
  A scorpion (D:6)
  4 crimson imps
  3 hounds
  2 orc wizards
  Crazy Yiuf (D:2)
  A giant frog skeleton (D:4)
  4 jellies
  Jessica (D:3)
  7 orc priests
  7 worker ants
  A hound skeleton (D:4)
  A hound zombie (D:7)
  Robin (D:3)
  5 adders
  3 river rats (D:11)
  A shadow imp (D:11)
  An ooze (D:5)
  An adder skeleton (D:9)
  5 worms
  19 orcs
  A ball python (D:3)
  21 bats
  A bat skeleton (D:5)
  2 bat zombies
  4 giant cockroaches
  28 goblins
  19 hobgoblins
  4 jackals
  36 kobolds
  5 quokkas
  5 giant geckos
  2 giant newts (D:2)
  28 rats
274 creatures vanquished.

Vanquished Creatures (others)
  A fungus (D:11)
1 creature vanquished.

Grand Total: 275 creatures vanquished

Notes
Turn   | Place    | Note
--------------------------------------------------------------
     0 | D:1      | Volodja the Troll Monk began the quest for the Orb.
     0 | D:1      | Reached XP level 1. HP: 22/22 MP: 0/0
   169 | D:1      | Reached XP level 2. HP: 27/29 MP: 1/1
   358 | D:1      | Reached skill level 5 in Unarmed Combat
   358 | D:1      | Reached XP level 3. HP: 31/36 MP: 2/2
   716 | D:2      | Noticed Crazy Yiuf
   724 | D:2      | Killed Crazy Yiuf
   724 | D:2      | Reached XP level 4. HP: 17/44 MP: 3/3
   879 | D:2      | Found a bloodstained altar of Trog.
   896 | D:2      | Noticed Sigmund
   904 | D:2      | Killed Sigmund
   904 | D:2      | Reached skill level 7 in Unarmed Combat
   904 | D:2      | Reached XP level 5. HP: 48/50 MP: 4/4
  1259 | D:3      | Noticed Jessica
  1265 | D:3      | Killed Jessica
  1265 | D:3      | Reached XP level 6. HP: 55/59 MP: 5/5
  1310 | D:3      | Noticed Grinder
  1323 | D:3      | Paralysed by something for 2 turns
  1327 | D:3      | Paralysed by something for 5 turns
  1352 | D:3      | Paralysed by something for 7 turns
  1366 | D:3      | Killed Grinder
  1366 | D:3      | Reached skill level 8 in Unarmed Combat
  1403 | D:3      | Reached XP level 7. HP: 58/66 MP: 6/6
  1590 | D:3      | Found a faded altar to an unknown god.
  1596 | D:3      | Noticed Robin
  1630 | D:3      | Killed Robin
  2158 | D:4      | Reached skill level 9 in Unarmed Combat
  2984 | D:5      | Entered Level 5 of the Dungeon
  2996 | D:5      | Found a staircase to the Ecumenical Temple.
  3018 | Temple   | Entered the Ecumenical Temple
  3026 | Temple   | Became a worshipper of Elyvilon the Healer
  3026 | Temple   | Acquired Elyvilon's first power
  3026 | Temple   | Acquired Elyvilon's second power
  3087 | D:5      | Reached skill level 1 in Invocations
  3128 | D:5      | Reached XP level 8. HP: 72/74 MP: 7/9
  3294 | D:5      | Noticed Edmund
  3308 | D:5      | Killed Edmund
  3725 | D:6      | Found a radiant altar of Vehumet.
  3726 | D:6      | Found a deep blue altar of Sif Muna.
  3832 | D:6      | Noticed Duvessa
  3832 | D:6      | Noticed Dowan
  3853 | D:6      | Reached skill level 5 in Invocations
  4032 | D:6      | Found Xakuoh's Weapon Shoppe.
  4037 | D:6      | Noticed Blork the orc
  4051 | D:6      | Killed Blork the orc
  4171 | D:6      | Found a sacrificial altar of Ru.
  4321 | D:6      | Found a glowing golden altar of the Shining One.
  4321 | D:6      | Found a sparkling altar of Nemelex Xobeh.
  4437 | D:6      | HP: 3/73 [ice beast (5)]
  4438 | D:6      | Reached XP level 9. HP: 3/79 MP: 13/13
  5558 | D:7      | Reached skill level 1 in Throwing
  5558 | D:7      | Reached skill level 10 in Unarmed Combat
  5987 | D:8      | Noticed Erolcha
  5998 | D:8      | Killed Erolcha
  5998 | D:8      | Reached skill level 11 in Unarmed Combat
  5998 | D:8      | Reached XP level 10. HP: 68/87 MP: 15/15
  6062 | D:8      | Noticed Erica
  6069 | D:8      | Killed Erica
  6123 | D:8      | Reached skill level 12 in Unarmed Combat
  6418 | D:8      | Noticed Grum
  6431 | D:8      | Killed Grum
  6723 | D:9      | Found a shimmering altar of Xom.
  6783 | D:9      | Found a shimmering altar of Xom.
  6783 | D:9      | Found a shimmering altar of Xom.
  6785 | D:9      | You fall through a shaft for 2 floors!
  6940 | D:11     | Found a staircase to the Lair.
  6959 | D:11     | Acquired Elyvilon's third power
  7053 | D:11     | Reached skill level 13 in Unarmed Combat
  7122 | D:11     | Noticed a seven-headed hydra
  7142 | D:11     | Slain by a seven-headed hydra

Vault maps used:
D:1:      ncdulo_lavacross
D:2:      lightli_temple_of_fire, uniq_crazy_yiuf_cottage, uniq_sigmund
D:3:      ecumenical_altar_1, minmay_bisected, uniq_robin, uniq_jessica,
          uniq_grinder
D:4:      first_bread, minmay_close_crescents
D:5:      minmay_temple_entry_butterflies, uniq_edmund
D:6:      gammafunk_temple_overflow_pools, overflow_temple_1_default,
          gammafunk_temple_overflow_statue, serial_shops, shop, centaur_isle,
          uniq_blork_the_orc, uniq_duvessa
D:8:      hangedman_pestilent_swarm, grunt_ministairs_4, uniq_erica,
          uniq_erolcha, uniq_grum
D:9:      xom_redecorated, hiddenorc2_lemuel, serial_column_ruins,
          column_ruins_grid_2, column_ruins_open_tiny,
          column_ruins_columns_straight, column_ruins_open_small,
          column_ruins_corridor_T
D:11:     minmay_distorted_concentric_squares, grunt_lair_entry_elf_guard_hut,
          lab_entry_generic, st_stairs_14, minmay_variable_closet,
          trog_ov_bears_minmay
Temple:   circular_temple_12

Action                   |  1- 3 |  4- 6 |  7- 9 | 10-12 || total
-------------------------+-------+-------+-------+-------++-------
Melee: Unarmed           |    76 |       |   445 |   153 ||   674
       Quarterstaff      |       |    57 |       |       ||    57
       Scythe            |       |    30 |       |       ||    30
Throw: Javelin           |     4 |       |     9 |     6 ||    19
Invok: Heal Other        |       |       |     2 |       ||     2
  Use: Scroll            |       |       |    12 |       ||    12
       Potion            |       |       |       |     1 ||     1
 Stab: Sleeping          |     1 |       |     5 |       ||     6
       Paralysed         |       |     3 |       |       ||     3
  Eat: Chunk             |    12 |     6 |    46 |    10 ||    74
